 Dungeon Crawl Stone Soup version 0.31-a0-879-g1609e0ac53 (webtiles) character file.

Game seed: 16248410901873537276

5688 gruber the Geomancer (level 10, -6/84 HPs)
             Began as a Demigod Earth Elementalist on Oct 14, 2023.
             Mangled by Harold
             ... wielding a +0 glaive
              (22 damage)
             ... on level 9 of the Dungeon.
             The game lasted 00:12:35 (9665 turns).

gruber the Geomancer (Demigod Earth Elementalist)   Turns: 9665, Time: 00:12:36

Health: -6/84      AC:  5    Str:  9    XL:     10   Next: 23%
Magic:  0/23       EV: 14    Int: 35    God:
Gold:   313        SH:  0    Dex: 14    Spells: 13/21 levels left

rFire   . . .        r - +2 dagger (protect)
rCold   . . .        (no shield)
rNeg    + . .        I - +0 leather armour {rN+}
rPois   .            F - +0 helmet {SInv}
rElec   .            (no cloak)
rCorr   .            (no gloves)
SInv    +            p - +0 pair of boots
Will    +....        L - amulet of guardian spirit
Stlth   ++           s - ring of wizardry
HPRegen 0.34/turn    C - +6 ring of intelligence
MPRegen 0.18/turn

%: guardian spirit, wizardry (x1)
@: lethally poisoned (-6 -> -11), marked
A: high MP 1, forlorn, divine attributes
a: no special abilities


You were on level 9 of the Dungeon.
You visited 1 branch of the dungeon, and saw 9 of its levels.
You also visited: Sewer and Ossuary.

You collected 313 gold pieces.

Inventory:

Hand Weapons
 r - a +2 dagger of protection (weapon)
Missiles
 o - 32 poisoned darts
Armour
 p - a +0 pair of boots (worn)
 F - a +0 helmet of see invisible (worn)
 I - a +0 leather armour of positive energy (worn)
Jewellery
 g - a ring of fire
 s - a ring of wizardry (left hand)
 C - a +6 ring of intelligence (right hand)
 L - an amulet of guardian spirit (around neck)
Wands
 u - a wand of roots (13)
 A - a wand of charming (9)
 G - a wand of mindburst (28)
 K - a wand of flame (58)
Scrolls
 a - a scroll of enchant armour {unknown}
 e - 3 scrolls of teleportation {unknown}
 f - 3 scrolls of enchant weapon {unknown}
 k - 2 scrolls of torment {unknown}
 m - 3 scrolls of identify {unknown}
 x - 2 scrolls of revelation {unknown}
 y - a scroll of fear {unknown}
 B - a scroll of blinking {unknown}
 D - a scroll of brand weapon {unknown}
 H - a scroll of noise {unknown}
 M - a scroll of poison {unknown}
 N - a scroll of amnesia {unknown}
Potions
 b - a potion of magic
 c - 2 potions of mutation {unknown}
 d - a potion of haste {unknown}
 h - 2 potions of ambrosia {unknown}
 i - 5 potions of enlightenment
 j - 3 potions of attraction {unknown}
 l - 6 potions of curing
 n - 2 potions of degeneration {unknown}
 q - 5 potions of might {unknown}
 t - 4 potions of heal wounds
 v - 2 potions of berserk rage {unknown}
 w - a potion of cancellation {unknown}
 z - 3 potions of brilliance {unknown}
 E - 2 potions of lignification {unknown}
 J - 2 potions of invisibility {unknown}


   Skills:
 * Level 6.4 Fighting
 - Level 2.0 Armour
 - Level 7.1 Dodging
 - Level 1.7 Stealth
 - Level 6.0 Spellcasting
 - Level 0.8 Transmutations
 - Level 9.0 Earth Magic


You had 13 spell levels left.
You knew the following spells:

 Your Spells              Type           Power      Damage    Failure   Level
a - Sandblast             Erth           100%       2d20      1%          1
b - Stone Arrow           Conj/Erth      84%        3d12      1%          3
c - Brom's Barrelling Bo  Conj/Erth      42%        2d6       3%          4

Your spell library contained the following spells:

 Spells                   Type           Power      Damage    Failure   Level
 Passwall                 Tmut/Erth      37%        N/A       1%          2
 Lee's Rapid Deconstruct  Erth           32%        3d17*     1%          5
 Petrify                  Tmut/Erth      45%        N/A       2%          4
 Poisonous Vapours        Pois/Air       20%        N/A       3%          2
 Animate Armour           Summ/Erth      84%        N/A       3%          4
 Leda's Liquefaction      Hex/Erth       21%        N/A       3%          4
 Call Canine Familiar     Summ           10%        N/A       6%          3
 Mephitic Cloud           Conj/Pois/Air  10%        N/A       6%          3
 Sigil of Binding         Hex            10%        N/A       6%          3
 Dimensional Bullseye     Hex/Tloc       5%         N/A       21%         4
 Summon Lightning Spire   Summ/Air       10%        N/A       21%         4
 Freezing Cloud           Conj/Ice/Air   5%         6-21      45%         5


Dungeon Overview and Level Annotations

Branches:
Dungeon (9/15)             Temple (0/1) D:6            Lair (0/5) D:8
  Sewer (visited)         Ossuary (visited)
    Orc: D:9-12

Shops:
D:1 =   D:6 !

Annotations:
D:8 2 transporters, Sphara's ghost, novice NaBr
D:9 Amaemon; Harold


Innate Abilities, Weirdness & Mutations

You have an increased reservoir of magic. (+10% MP)
You shall have no god before yourself.
Your divine heritage dramatically boosts your attributes as you level up.


Message History

The grasping roots constrict Harold.
The grasping roots constrict the orange demon.
You feel very sick.
The roots release their grip on the orange demon.
Harold hits you from afar with a +0 glaive!!
* * * LOW HITPOINT WARNING * * *
Unknown command.
Unknown command.
You feel much better.
The grasping roots constrict Harold.
You feel very sick.
The roots release their grip on Harold.
Harold hits you from afar with a +0 glaive!
* * * LOW HITPOINT WARNING * * *
Unknown command.
Unknown command.
Unknown command.
Aiming: Charm
Press: ? - help, Shift-Dir - straight line, f/p - Harold
Aim: Harold, wielding a +0 glaive and wearing a +0 scale mail (moderately wounded, chance to affect: 17%) Harold resists with almost no effort.
* * * LOW HITPOINT WARNING * * *
You feel sick.
Harold points at you and mumbles some strange words.
The mark upon you grows brighter.
You feel much better.
You feel very sick.
Amaemon gestures wildly while chanting.
Harold hits you from afar with a +0 glaive!!
* * * LOW HITPOINT WARNING * * *
Unknown command.
Unknown command.
Aiming: Charm
Press: ? - help, Shift-Dir - straight line, f/p - Harold
Aim: Harold, wielding a +0 glaive and wearing a +0 scale mail (moderately wounded, chance to affect: 17%) Harold resists with almost no effort.
You feel sick.
Amaemon casts a spell at the scorpion.
The scorpion seems to grow toxic.
Harold hits you from afar with a +0 glaive!!
You die...
Harold says, "Time to retire."

.#.###.>### .#.# .#
.#.# # .#.# .[.. #.#
#.# ######### .#. #)#
#........ ... #.# #.#
### #.# #@# #.# #.#
#.# #@# #####
#.#########6##.....
#####.........s4s..###
#........#####.s.#...#
#.######..4..........#
#.# #######...#...#
##.# ##.###.##


You could see Amaemon, Harold, an orange demon (curare) and 3 scorpions.

Vanquished Creatures
  A troll (D:8)
  Prince Ribbit (D:8)
  A shadow (D:7)
  A wraith (D:8)
  5 yaks
  2 steam dragons
  3 water moccasins
  An ice beast (D:6)
  An orc warrior (D:8)
  3 sky beasts
  3 wolves (D:8)
  5 centaurs
  5 bullfrogs
  2 kobold brigands (Sewer)
  5 scorpions
  6 water moccasin zombies (Ossuary)
  5 wights (D:8)
  2 electric eels (D:8)
  9 hounds
  3 jellies
  6 orc priests
  2 iguanas
  5 orc wizards
  2 sleepcaps (D:4)
  2 mummies (Ossuary)
  11 gnolls
  5 adders
  4 river rats
  2 white imps (D:7)
  6 ufetubi
  7 adder zombies (Ossuary)
  6 worms
  A dart slug (D:4)
  23 orcs
  3 bats
  7 endoplasms
  4 giant cockroaches
  3 gnoll zombies (Ossuary)
  6 goblins
  4 hobgoblins
  6 jackals
  2 quokkas
  8 ball pythons
  5 frilled lizards
  3 hobgoblin zombies (Ossuary)
  12 kobolds
  6 kobold zombies (Ossuary)
  4 orc zombies (Ossuary)
  3 rats
222 creatures vanquished.

Vanquished Creatures (collateral kills)
  8 boulders
8 creatures vanquished.

Vanquished Creatures (others)
  10 boulders
10 creatures vanquished.

Grand Total: 240 creatures vanquished

Notes
Turn   | Place    | Note
-------+----------+-------------------------------------------
     0 | D:1      | gruber the Demigod Earth Elementalist began the quest for
                  | the Orb.
     0 | D:1      | Reached XP level 1. HP: 14/14 MP: 5/5
    46 | D:1      | Found Xurueme's One-of-a-Kind Rings.
   286 | D:1      | Reached skill level 3 in Earth Magic
  1047 | D:2      | Reached XP level 2. HP: 20/20 MP: 4/7
  1432 | D:2      | Reached XP level 3. HP: 26/26 MP: 6/8
  1493 | D:2      | Identified the +1 short sword "Buich" {antimagic, *Slow
                  | rN++ rCorr Str+9}
  2018 | D:3      | Reached skill level 4 in Earth Magic
  2850 | D:3      | Reached XP level 4. HP: 33/33 MP: 5/9
  3142 | D:4      | Reached skill level 5 in Earth Magic
  3210 | D:4      | Reached XP level 5. HP: 33/38 MP: 5/10
  3214 | D:4      | Learned a level 3 spell: Stone Arrow
  3219 | D:4      | Learned a level 4 spell: Brom's Barrelling Boulder
  3259 | D:4      | Found a sand-covered staircase.
  3266 | Ossuary  | Entered an ossuary
  3420 | Ossuary  | Reached skill level 6 in Earth Magic
  3520 | Ossuary  | Reached XP level 6. HP: 44/45 MP: 2/11
  3694 | Ossuary  | Reached skill level 7 in Earth Magic
  3977 | D:4      | Reached XP level 7. HP: 50/50 MP: 10/13
  4070 | D:4      | Reached skill level 8 in Earth Magic
  4620 | D:5      | Entered Level 5 of the Dungeon
  4956 | D:5      | Reached skill level 9 in Earth Magic
  5391 | D:6      | Reached XP level 8. HP: 57/57 MP: 12/16
  5479 | D:6      | Found a staircase to the Ecumenical Temple.
  5525 | D:6      | Reached skill level 5 in Spellcasting
  5582 | D:6      | Found Tioziososm's Distillery.
  6007 | D:6      | Found a glowing drain.
  6016 | Sewer    | Entered a sewer
  6392 | D:7      | Reached skill level 1 in Armour
  6983 | D:7      | Reached XP level 9. HP: 56/62 MP: 6/21
  7483 | D:8      | Noticed Prince Ribbit
  7485 | D:8      | Reached skill level 5 in Dodging
  7492 | D:8      | Killed Prince Ribbit
  7844 | D:8      | Reached skill level 1 in Fighting
  8585 | D:8      | Found a staircase to the Lair.
  8770 | D:8      | Noticed Sphara's ghost (novice NaBr)
  8773 | D:8      | Found a transporter.
  8783 | D:8      | Found a transporter.
  8850 | D:8      | Reached XP level 10. HP: 62/80 MP: 5/23
  9202 | D:9      | Reached skill level 5 in Fighting
  9615 | D:9      | Noticed Harold
  9658 | D:9      | Noticed Amaemon
  9661 | D:9      | HP: 3/84 [Harold/+0 glaive (21)]
  9665 | D:9      | Mangled by Harold

Illustrated notes

Levels and vault maps discovered:
D:1:      dpeg_arrival_line_fractal, layout_loops_corners,
          ebering_ecumenical_altar_abandoned, nicolae_shop_unique_rings,
          amethyst_killhole, minmay_misc_feat_pillars
D:2:      layout_basic, basic_altar
D:3:      layout_rooms, grunt_gozag_statues, serial_co_window_serial,
          co_window_paths_a, co_window_corner_a, co_window_of_opportunity_a,
          co_window_paths_a, co_window_corner_a, co_window_unsneaky_path_c,
          co_window_broadway_b, co_window_of_opportunity_c, co_window_corner_ca,
          co_window_broadway_b, co_window_broadway_a, co_window_corner_b,
          glass_columns_a, glass_columns_a, glass_columns_a, glass_columns_b,
          glass_columns_c
D:4:      layout_loops_ring, lightli_ossuary_entry_decrepit_ruins,
          columned_hall_lemuel, hellmonk_no_cap
D:5:      layout_basic, mainiacjoe_overflow_alcove_3
D:6:      layout_cave_pools, minmay_temple_entry_mist, serial_shops,
          nicolae_shop_industrial_runoff, portal_sewer_entry_e,
          amcnicky_mini_rare_corridor_liquid
D:7:      layout_layer_cave, fedhas_ov_isle_minmay, st_stairs_11
D:8:      layout_rooms, erik_lair_island, gammafunk_ghost_arena,
          nicolae_figureground_pulse, uniq_prince_ribbit1
D:9:      layout_loops_ring, enter_bailey_2, special_room [special_room_orc],
          nicolae_diode_intersection, uniq_harold, uniq_amaemon

Skill      XL: |  1  2  3  4  5  6  7  8  9 10 |
---------------+-------------------------------+-----
Earth Magic    | 3 4 5 6 7 9 |  9.0
Spellcasting   | 2 3 6 |  6.0
Armour         | 2 |  2.0
Dodging        | 3 7 |  7.1
Fighting       | 4 6 |  6.4
Stealth        | |  1.7
Transmutations | |  0.8

Action                     |  1- 3 |  4- 6 |  7- 9 | 10-12 || total
---------------------------+-------+-------+-------+-------++-------
  Melee: Unarmed           |     1 |       |       |       ||     1
         Dagger            |       |     6 |     5 |     7 ||    18
   Cast: Sandblast         |    76 |    77 |   163 |    19 ||   335
         Brom's Barrelling |       |       |    18 |     5 ||    23
         Stone Arrow       |       |       |    28 |     5 ||    33
  Evoke: Wand              |       |       |       |     3 ||     3
    Use: Potion            |       |       |       |     2 ||     2
   Stab: Distracted        |       |       |     1 |       ||     1
 Armour: Robe              |    11 |    39 |    12 |       ||    62
         Leather armour    |       |       |    68 |    40 ||   108
  Dodge: Dodged            |    15 |    29 |    77 |    55 ||   176

Table legend: (Time is in decaauts)
 A = Elapsed time spent in this place.
 B = Non-inter-level travel time spent in this place.
 C = Inter-level travel time spent in this place.
 D = Time resting spent in this place.
 E = Time spent auto-exploring this place.
 F = Levels seen in this place.
 G = Mean time per level.
                   A        B        C        D        E       F      G
               +--------+--------+--------+--------+--------+-----+--------+
         Total |   9867 |   9548 |    319 |     97 |   8089 |  11 |  897.0 |
       Dungeon |   8900 |   8581 |    319 |     97 |   7300 |   9 |  988.9 |
         Sewer |    352 |    352 |      0 |      0 |    282 |   1 |  352.0 |
       Ossuary |    614 |    614 |      0 |      0 |    507 |   1 |  614.0 |
               +--------+--------+--------+--------+--------+-----+--------+

Top non-repeatable levels by time:
     D:8: 1908 daAuts
     D:3: 1174 daAuts
     D:7: 1117 daAuts
     D:1: 1038 daAuts
     D:4: 945 daAuts
     D:2: 934 daAuts
     D:5: 775 daAuts
     D:6: 700 daAuts
 Ossuary: 614 daAuts
   Sewer: 352 daAuts
     D:9: 306 daAuts
